 Dungeon Crawl Stone Soup version 0.31-a0-145-g046c7d2549 (webtiles) character file.

Game seed: 2879221862440898554

486399 Anon1729 the Slayer (level 23, -8/220 HPs)
             Began as a Minotaur Monk on June 6, 2023.
             Was a Priest of Uskayaw.
             Killed by an exploding harpy (14 damage)
             ... ignited by their inner flame
             ... on level 5 of the Vaults on June 7, 2023.
             The game lasted 01:27:39 (60959 turns).

Anon1729 the Slayer (Minotaur Monk)                Turns: 60959, Time: 01:27:40

Health: -8/220     AC: 28    Str: 18    XL:     23   Next: 80%
Magic:  27/43      EV: 24    Int: 10    God:    Uskayaw [***...]
Gold:   300        SH: 31    Dex: 24    Spells: 22/22 levels left

rFire   . . .        J - +8 eudemon blade (holy)
rCold   + . .        K - +7 tower shield "Voaggosa" {rElec rC+ Stlth+}
rNeg    . . .        O - +3 chain mail {rPois}
rPois   +            y - +1 hat of Boredom {Str+2 Int+3 Stlth+}
rElec   +            q - +0 cloak
rCorr   +            b - +3 pair of gauntlets of War {Slay+5}
SInv    .            N - +0 pair of boots "Tiedweos" {Drain +Blink rCorr MP+9}
Will    ++...        z - amulet of reflection
Stlth   ++++         C - +5 ring of evasion
HPRegen 0.56/turn    m - ring of willpower
MPRegen 0.28/turn

%: reflection
@: mighty, studying Necromancy
A: horns 2, retaliatory headbutt, MP-powered wands
}: 2/15 runes: barnacled, gossamer
a: Renounce Religion, Evoke Blink, Stomp, Line Pass


You were on level 5 of the Vaults.
You worshipped Uskayaw.
Uskayaw was most pleased with you.
You visited 9 branches of the dungeon, and saw 42 of its levels.
You visited 2 bazaars.
You also visited: Sewer and Gauntlet.

You collected 4364 gold pieces.
You spent 4064 gold pieces at shops.

Inventory:

Hand Weapons
 J - a +8 eudemon blade of holy wrath (weapon)
 P - a +6 scimitar of flaming
Missiles
 I - 7 throwing nets (quivered)
 Y - 4 curare-tipped darts
Armour
 b - the +3 pair of gauntlets of War (worn) {Slay+5}
   (You bought it in a shop on level 2 of the Orcish Mines)

   Slay:      It affects your accuracy & damage with ranged weapons and melee
   (+5).
 d - an orb of light
 q - a +0 cloak (worn)
 t - the +6 plate armour "Qoisyf" {rC+ rN++ Str+3 Dex-5}
   (You bought it in a shop on level 9 of the Dungeon)

   Str:       It affects your strength (+3).
   Dex:       It affects your dexterity (-5).
   rC:        It protects you from cold.
   rN:        It greatly protects you from negative energy.
 y - the +1 hat of Boredom (worn) {Str+2 Int+3 Stlth+}
   (You found it on level 4 of the Spider Nest)

   Str:       It affects your strength (+2).
   Int:       It affects your intelligence (+3).
   Stlth:     It makes you more stealthy.
 K - the +7 tower shield "Voaggosa" (worn) {rElec rC+ Stlth+}
   (You took it off Mennas on level 4 of the Vaults)

   rC:        It protects you from cold.
   rElec:     It insulates you from electricity.
   Stlth:     It makes you more stealthy.
 N - the +0 pair of boots "Tiedweos" (worn) {Drain +Blink rCorr MP+9}
   (You found it on level 3 of the Spider Nest)

   MP:        It affects your magic capacity (+9).
   +Blink:    It lets you blink.
   rCorr:     It protects you from acid and corrosion.
   Drain:     It drains your maximum health when unequipped.
 O - a +3 chain mail of poison resistance (worn)
Jewellery
 m - a ring of willpower (right hand)
 v - a ring of fire
 z - an amulet of reflection (around neck)
 C - a +5 ring of evasion (left hand)
 M - a ring of protection from cold
Wands
 p - a wand of quicksilver (8)
 B - a wand of flame (96)
 E - a wand of iceblast (25)
 U - a wand of digging (9)
 V - a wand of polymorph (11)
 W - a wand of charming (10)
Scrolls
 g - 2 scrolls of fear
 h - 10 scrolls of teleportation
 s - 6 scrolls of poison
 u - 3 scrolls of brand weapon
 x - 7 scrolls of fog
 A - 3 scrolls of enchant armour
 D - 8 scrolls of immolation
 F - 3 scrolls of magic mapping
 R - 7 scrolls of vulnerability
 T - a scroll of butterflies
 X - a scroll of silence
Potions
 a - 3 potions of cancellation
 e - 4 potions of might
 f - 5 potions of attraction
 j - 7 potions of enlightenment
 k - 5 potions of magic
 l - 8 potions of haste
 n - 16 potions of mutation
 o - 5 potions of berserk rage
 r - a potion of heal wounds
 w - 12 potions of curing
 G - 7 potions of invisibility
 Q - 11 potions of ambrosia
Miscellaneous
 H - a phial of floods (inert)
 L - a lightning rod (4/4)


   Skills:
 + Level 21.1 Fighting
 - Level 20.2 Long Blades
 + Level 20.6 Armour
 + Level 19.3 Dodging
 + Level 10.0 Stealth
 * Level 10.0 Shields
 + Level 17.5 Invocations
 + Level 11.0 Evocations


You had 22 spell levels left.
You didn't know any spells.
Your spell library contained the following spells:

 Spells                   Type           Power      Damage    Failure   Level
 Foxfire                  Conj/Fire      0%         2x1d4     100%        1
 Freeze                   Ice            0%         1d3       100%        1
 Kiss of Death            Conj/Necr      0%         2d5       100%        1
 Shock                    Conj/Air       0%         1d3       100%        1
 Slow                     Hex            0%         N/A       100%        1
 Summon Small Mammal      Summ           0%         N/A       100%        1
 Blink                    Tloc           0%         N/A       100%        2
 Cigotuvi's Dreadful Rot  Necr/Pois/Air  0%         N/A       100%        2
 Ensorcelled Hibernation  Hex/Ice        0%         N/A       100%        2
 Lesser Beckoning         Tloc           0%         N/A       100%        2
 Momentum Strike          Conj/Tloc      0%         3d8       100%        2
 Passwall                 Tmut/Erth      0%         N/A       100%        2
 Call Canine Familiar     Summ           0%         N/A       100%        3
 Confusing Touch          Hex            0%         N/A       100%        3
 Frozen Ramparts          Ice            0%         1d1       100%        3
 Hailstorm                Conj/Ice       0%         3d3       100%        3
 Ignite Poison            Fire/Tmut/Pois 0%         N/A       100%        3
 Portal Projectile        Hex/Tloc       0%         N/A       100%        3
 Spider Form              Tmut/Pois      0%         N/A       100%        3
 Stone Arrow              Conj/Erth      0%         3d7       100%        3
 Summon Guardian Golem    Hex/Summ       0%         N/A       100%        3
 Swiftness                Air            0%         N/A       100%        3
 Teleport Other           Tloc           0%         N/A       100%        3
 Vampiric Draining        Necr           0%         2d6       100%        3
 Vhi's Electric Charge    Tloc/Air       0%         N/A       100%        3
 Airstrike                Air            0%         2d(0-16)  100%        4
 Anguish                  Hex/Necr       0%         N/A       100%        4
 Animate Armour           Summ/Erth      0%         N/A       100%        4
 Cause Fear               Hex            0%         N/A       100%        4
 Dispel Undead            Necr           0%         3d6       100%        4
 Leda's Liquefaction      Hex/Erth       0%         N/A       100%        4
 Manifold Assault         Tloc           0%         N/A       100%        4
 Passage of Golubria      Tloc           0%         N/A       100%        4
 Petrify                  Tmut/Erth      0%         N/A       100%        4
 Sticky Flame             Conj/Fire      0%         2d3       100%        4
 Summon Lightning Spire   Summ/Air       0%         N/A       100%        4
 Blade Hands              Tmut           0%         N/A       100%        5
 Fireball                 Conj/Fire      0%         3d3       100%        5
 Metabolic Englaciation   Hex/Ice        0%         N/A       100%        5
 Summon Forest            Summ/Tloc      0%         N/A       100%        5
 Summon Mana Viper        Hex/Summ       0%         N/A       100%        5
 Death Channel            Necr           0%         N/A       100%        6
 Dispersal                Tloc           0%         N/A       100%        6
 Plasma Beam              Fire/Air       0%         2x1d10    100%        6
 Starburst                Conj/Fire      0%         6d3       100%        6
 Statue Form              Tmut/Erth      0%         N/A       100%        6
 Summon Cactus Giant      Summ           0%         N/A       100%        6
 Enfeeble                 Hex            0%         N/A       100%        7
 Orb of Destruction       Conj           0%         9d5       100%        7
 Spellforged Servitor     Conj/Summ      0%         N/A       100%        7
 Storm Form               Tmut/Air       0%         N/A       100%        7
 Disjunction              Tloc           0%         N/A       100%        8
 Ignition                 Fire           0%         3d3       100%        8
 Lehudib's Crystal Spear  Conj/Erth      0%         10d2      100%        8


Dungeon Overview and Level Annotations

Branches:
Dungeon (15/15)            Temple (1/1) D:5            Lair (5/5) D:9
 Shoals (4/4) Lair:2       Spider (4/4) Lair:2        Slime (0/5) Lair:4
    Orc (2/2) D:12            Elf (2/3) Orc:2        Vaults (5/5) D:14
  Crypt (0/3) Vaults:3     Depths (4/4) D:15            Zot (0/5) Depths:4
  Sewer (visited)         Gauntlet (visited)

Altars:
Ashenzari
Cheibriados
Dithmenos
Elyvilon
Fedhas
Gozag
Hepliaklqana
Kikubaaqudgha
Makhleb
Nemelex Xobeh
Okawaru
Qazlal
Ru
Sif Muna
Trog
Uskayaw
Vehumet
Wu Jian
Xom
Yredelemnul
Zin
The Shining One
Jiyva

Shops:
D:6 (   D:8 [   D:9 [[?*   Orc:2 ([*?   Elf:2 :   Vaults:3 [*   Depths:3 (

Portals:
Hell: Depths:1 Depths:2 Depths:3 Depths:4
Abyss: Depths:3 Depths:4
Pandemonium: Depths:2
Ziggurat: Depths:3

Annotations:
D:8 3 runed translucent doors, Notanamesir's ghost, novice MiHu
Lair:1 exclusion: oklob plant
Spider:3 2 transporters, t4s4d4r's ghost, adept DgEE
Depths:2 2 transporters, Pojesatusi's ghost, adept HOMo


Innate Abilities, Weirdness & Mutations

You have a pair of horns on your head.
You reflexively headbutt those who attack you in melee.
You expend magic power (3 MP) to strengthen your wands.


Message History

Okay, then.
Okay, then.
Okay, then.
Okay, then.
Aiming: Line Pass
Press: ? - help, Dir - move target The six-headed hydra appears confused.
The hell knight appears confused.
The vault guard appears confused.
The vault guard simulacrum appears confused.
The six-headed hydra is engulfed in blazing flames.
Flame seeps out of the six-headed hydra.
The six-headed hydra is engulfed in blazing flames.
Flame seeps out of the six-headed hydra.
The hell knight is no longer waterlogged.
You block the harpy's attack. x2; The harpy claws you.
* * * LOW HITPOINT WARNING * * *
The harpy closely misses you.
The six-headed hydra is engulfed in blazing flames.
Flame seeps out of the six-headed hydra.
The necromancer closely misses you. You furiously retaliate!
You headbutt the necromancer!!
The necromancer explodes!
The fiery explosion engulfs the yaktaur captain!!
Flame seeps out of the yaktaur captain.
The yaktaur captain is heavily wounded.
The fiery explosion engulfs you!!
* * * LOW HITPOINT WARNING * * *
The fiery explosion engulfs the harpy!!
The fiery explosion engulfs the vault guard simulacrum!!!
The vault guard simulacrum melts!
Flame seeps out of the vault guard simulacrum.
The vault guard simulacrum is almost destroyed.
The fiery explosion engulfs the harpy!!
Flame seeps out of the harpy.
The harpy is almost dead.
The harpy explodes!
The fiery explosion engulfs the yaktaur captain!!
Flame seeps out of the yaktaur captain.
The yaktaur captain is almost dead.
The fiery explosion engulfs you!
You die...

#####....# ..
#...#....#...
...#....#...
...........
######.)Z.....#####
......§§)).........
.[....§§§<<........
......c§@).<.....
......§ZH<<......
##########pHp)....##
#...§..pDpH{cpp.):.#
..§#.p§pp°#p.))#..#
##.~.C.#Cc))# #.
#.....#..).#
##....#....#
###..#....#


You could see 2 titans, a yaktaur captain (inner flame, soul bound), a
six-headed hydra shaped shifter (inner flame, soul bound, paralysed, confused),
5 vault guards, 3 hell knights, 2 yaktaurs, 3 harpies, a harpy simulacrum and a
vault guard simulacrum (inner flame, paralysed, confused).

Vanquished Creatures
  Mennas (Vaults:4)
  Saint Roka (Depths:3)
  Margery (Vaults:5)
  The ghost of Ehaeru the Pyromancer, a veteran MeCj of Gozag (Vaults:2)
  3 golden dragons (Depths:4)
  The ghost of Gufoitin the Conqueror, an adept MiBe of Trog (Depths:4)
  The ghost of Iloeme the Devastator, an adept DECK of Xom (Depths:4)
  Zenata (Vaults:3)
  6 tentacled monstrosities
  3 liches
  A titan (Shoals:4)
  The ghost of Wimmiopn the Phalangite, an adept MfGl of Kikubaaqudgha (Depths:4)
  The ghost of t4s4d4r the Bludgeoner, an adept DgFi (Vaults:1)
  2 ancient champions
  A kraken (Shoals:3)
  4 sphinxes
  A tengu reaver (Depths:2)
  A draconian monk (Depths:4)
  7 frost giants
  5 fire giants
  Ilsuiw (Shoals:3)
  2 iron dragons
  11 emperor scorpions
  5 ghost moths
  Aizul (Shoals:1)
  Louise (Shoals:3)
  12 vault wardens
  A balrug (Depths:1)
  2 formless jellyfish
  A cacodemon (Vaults:1)
  14 ironbound preservers
  4 stone giants
  2 orc warlords
  A draconian annihilator (Depths:4)
  2 broodmothers (Spider:2)
  5 ironbound thunderhulks
  A vampire knight (Depths:3)
  A caustic shrike skeleton (Depths:1)
  2 green draconians (Depths:4)
  19 very ugly things
  2 deep elf demonologists (Elf:1)
  Nessos (D:15)
  A purple draconian (Depths:4)
  A red draconian (Depths:4)
  A yellow draconian (Depths:4)
  7 spark wasps
  17 dire elephants
  A minotaur (Gauntlet)
  A blizzard demon (Depths:3)
  A crystal guardian (Vaults:2)
  A green death (Depths:2)
  10 merfolk javelineers
  5 fire dragons
  The ghost of Shym the Thaumaturge, a journeyman DjFE of Makhleb (Lair:4)
  6 entropy weavers
  8 ettins
  4 great orbs of eyes
  A rakshasa (Depths:2)
  10 merfolk impalers
  10 yaktaur captains
  Fannar (Orc:1)
  25 vault guards
  2 jorogumos
  2 peacekeepers (Vaults:2)
  10 ice dragons
  11 ironbound frosthearts
  A hell beast (Depths:1)
  A hydra (D:13)
  14 centaur warriors
  Erica (D:10)
  6 merfolk avatars
  4 boulder beetles
  2 ogre magi (D:14)
  6 spriggan air magi
  5 catoblepae
  A two-headed ogre (shapeshifter) (D:12)
  13 dancing weapons
  4 two-headed ogres
  An alligator (shapeshifter) (Vaults:1)
  3 radroaches
  A satyr (shapeshifter) (Vaults:1)
  6 death yaks (Lair:5)
  2 alligator snapping turtles
  8 merfolk aquamancers
  5 demonic crawlers
  3 deep troll earth magi
  3 orc high priests
  6 spriggan berserkers
  3 hell hogs (Depths:3)
  A tengu warrior (Depths:3)
  2 soul eaters (Depths:2)
  9 deep elf knights (Elf:1)
  A storm dragon zombie (Depths:2)
  A shadow wraith (Vaults:4)
  14 hell knights
  3 iron trolls (Depths:1)
  6 skysharks
  9 pharaoh ants
  16 skeletal warriors
  A golden dragon zombie (Depths:1)
  A sun moth (Spider:4)
  3 sea snakes
  2 glowing orange brains
  40 deep trolls
  14 ironbound convokers
  7 orb spiders
  5 wizards
  A phantasmal warrior (Vaults:3)
  12 deep elf archers
  3 lindwurms
  10 necromancers
  18 deep elf pyromancers
  8 harpies
  A harpy (shapeshifter) (D:15)
  3 orc knights
  14 wolf spiders
  A stone giant zombie (Depths:1)
  6 steelbarb worms
  7 fauns (Shoals:1)
  13 deep elf zephyrmancers
  5 orc sorcerers
  32 ugly things
  12 cyclopes
  2 frost giant zombies (Depths:1)
  3 moths of wrath
  9 merfolk sirens
  A centaur zombie (D:15)
  14 manticores
  9 water nymphs
  A stone giant skeleton (Depths:1)
  16 elephants
  An ice statue (Gauntlet)
  10 vault sentinels
  A black mamba (Lair:3)
  5 torpor snails
  21 cane toads
  A fire giant skeleton (Depths:2)
  A centaur skeleton (D:15)
  2 unseen horrors
  A gargoyle (D:12)
  An efreet (D:14)
  24 yaktaurs
  A kobold demonologist (D:7)
  7 rime drakes
  A spriggan zombie (Depths:2)
  A tengu conjurer (Depths:3)
  A freezing wraith (Vaults:3)
  2 spriggan skeletons
  A yaktaur (shapeshifter) (Vaults:1)
  A redback zombie (D:15)
  2 ice devils
  9 komodo dragons
  31 merfolk
  8 trolls
  A queen bee (D:13)
  13 hornets
  A queen bee (shapeshifter) (Vaults:1)
  A meliai (shapeshifter) (Vaults:1)
  7 polar bears
  A hellwing (Depths:2)
  7 meliai
  10 wind drakes
  A wolf spider simulacrum (D:13)
  20 tarantellas
  A tengu simulacrum (Depths:1)
  29 dream sheep
  A hornet (shapeshifter) (Vaults:1)
  23 blink frogs
  A dream sheep (shapeshifter) (Depths:3)
  13 snapping turtles
  A harpy skeleton (D:15)
  4 centaur simulacra (D:13)
  5 air elementals (Shoals:4)
  6 flying skulls (Gauntlet)
  36 jumping spiders
  A shadow (D:11)
  17 culicivoras
  20 slime creatures
  10 spriggans
  2 wraiths
  3 wyverns
  54 yaks
  38 water elementals
  A basilisk (shapeshifter) (Vaults:1)
  A fire elemental (Elf:1)
  3 basilisks
  5 steam dragons
  A golden eye (shapeshifter) (Vaults:1)
  34 redbacks
  3 vampire mosquitoes (D:10)
  2 wargs
  4 acid dragons
  Duvessa (D:6)
  25 water moccasins
  2 floating eyes (D:14)
  35 orc warriors
  2 sky beasts (D:6)
  7 ice beasts (D:13)
  2 black bears
  3 ettin simulacra (Depths:3)
  10 wolves
  5 ogres
  3 centaurs
  3 phantoms
  2 kobold brigands
  12 bullfrogs
  2 earth elementals (Elf:1)
  A gnoll sergeant (D:9)
  A scorpion (D:6)
  Dowan (D:6)
  14 wights
  41 killer bees
  6 howler monkeys
  A tengu skeleton (Depths:1)
  9 electric eels
  2 jellies (D:6)
  5 hounds
  23 orc priests
  An iguana (D:5)
  33 orc wizards
  A sleepcap (D:7)
  4 hell rats (Lair:4)
  Robin (D:2)
  9 gnolls
  8 adders
  2 shadow imps
  7 white imps
  3 ufetubi
  A worm (D:2)
  2 dart slugs (D:2)
  103 orcs
  13 ball pythons
  10 bats
  17 endoplasms
  8 giant cockroaches
  9 hobgoblins
  16 quokkas
  12 frilled lizards
  12 goblins
  22 kobolds
  8 rats
  2 tentacles (Shoals:3)
1742 creatures vanquished.

Vanquished Creatures (others)
  A dread lich (Depths:4)
  A vault guard (Vaults:5)
  A deep elf pyromancer (Elf:1)
  A wolf spider (Spider:2)
  A yaktaur (Vaults:5)
  A jumping spider (Spider:3)
  A warg (Depths:3)
  An orc warrior (Orc:2)
  An orc priest (Orc:2)
  2 orcs
  4 tentacles (Shoals:3)
15 creatures vanquished.

Grand Total: 1757 creatures vanquished

Notes
Turn   | Place    | Note
-------+----------+-------------------------------------------
     0 | D:1      | Anon1729 the Minotaur Monk began the quest for the Orb.
     0 | D:1      | Reached XP level 1. HP: 19/19 MP: 0/0
   178 | D:1      | Reached XP level 2. HP: 27/27 MP: 1/1
   244 | D:1      | Reached skill level 4 in Fighting
   375 | D:1      | Reached XP level 3. HP: 33/33 MP: 2/2
   542 | D:1      | Reached skill level 1 in Armour
   727 | D:2      | Found a sparkling altar of Nemelex Xobeh.
  1014 | D:2      | Identified the +0 helmet "Iriolero" {+Inv SInv}
  1059 | D:2      | Noticed Robin
  1065 | D:2      | Reached skill level 1 in Invocations
  1071 | D:2      | Killed Robin
  1072 | D:2      | Reached XP level 4. HP: 38/40 MP: 3/3
  1476 | D:3      | Found a faded altar of an unknown god.
  1494 | D:3      | Noticed a centaur
  1500 | D:3      | Killed a centaur
  1501 | D:3      | Reached XP level 5. HP: 21/47 MP: 5/5
  1849 | D:3      | Found a glowing drain.
  1855 | Sewer    | Entered a sewer
  2175 | Sewer    | Reached XP level 6. HP: 55/55 MP: 6/6
  2272 | Sewer    | Reached skill level 5 in Fighting
  2272 | Sewer    | Reached skill level 5 in Long Blades
  3653 | D:5      | Entered Level 5 of the Dungeon
  3677 | D:5      | Reached skill level 5 in Dodging
  3682 | D:5      | Reached XP level 7. HP: 52/61 MP: 8/8
  3769 | D:5      | Found a staircase to the Ecumenical Temple.
  3783 | Temple   | Entered the Ecumenical Temple
  3890 | Temple   | Became a worshipper of Uskayaw the Reveller
  3890 | Temple   | Reached * piety under Uskayaw
  3917 | D:5      | Reached ** piety under Uskayaw
  4034 | D:5      | Reached *** piety under Uskayaw
  4036 | D:5      | Reached skill level 6 in Fighting
  4284 | D:5      | Reached XP level 8. HP: 56/70 MP: 9/9
  4868 | D:6      | Reached **** piety under Uskayaw
  4869 | D:6      | Reached skill level 5 in Armour
  4874 | D:6      | Reached ***** piety under Uskayaw
  4875 | D:6      | Noticed Dowan
  4877 | D:6      | Noticed Duvessa
  4884 | D:6      | Reached ****** piety under Uskayaw
  5195 | D:6      | Found Piet's Weapon Emporium.
  5253 | D:6      | Identified the +0 whip "Lurait" {flame, rCorr Dex+3 Stlth+}
  5303 | D:6      | Reached skill level 7 in Fighting
  5316 | D:6      | Killed Duvessa
  5317 | D:6      | Reached XP level 9. HP: 51/79 MP: 11/11
  5321 | D:6      | Killed Dowan
  5786 | D:6      | Reached skill level 5 in Invocations
  6151 | D:7      | Noticed a kobold demonologist
  6152 | D:7      | Noticed an ice devil
  6273 | D:7      | Killed a kobold demonologist
  6274 | D:7      | Reached skill level 8 in Fighting
  7212 | D:6      | Bought a +0 scimitar of electrocution for 120 gold pieces
  7256 | D:8      | Found Cheibriados's Comfort Zone.
  7256 | D:8      | Found a snail-covered altar of Cheibriados.
  7272 | D:8      | Found a burning altar of Makhleb.
  7300 | D:8      | Found a shimmering blue altar of Sif Muna.
  7300 | D:8      | Found a bloodstained altar of Trog.
  7300 | D:8      | Found a hazy altar of Hepliaklqana.
  7300 | D:8      | Found a blossoming altar of Fedhas.
  7300 | D:8      | Found a sparkling altar of Nemelex Xobeh.
  7302 | D:8      | Found an iron altar of Okawaru.
  7302 | D:8      | Found an ancient bone altar of Kikubaaqudgha.
  7302 | D:8      | Found a white marble altar of Elyvilon.
  7305 | D:8      | Found a glowing golden altar of the Shining One.
  7305 | D:8      | Found a snail-covered altar of Cheibriados.
  7305 | D:8      | Found a radiant altar of Vehumet.
  7307 | D:8      | Found a glowing silver altar of Zin.
  7307 | D:8      | Found a stormy altar of Qazlal.
  7307 | D:8      | Found a shimmering altar of Xom.
  7400 | D:8      | Noticed a two-headed ogre
  7406 | D:8      | Killed a two-headed ogre
  7407 | D:8      | Reached XP level 10. HP: 23/90 MP: 13/13
  7971 | D:8      | Reached skill level 9 in Fighting
  8139 | D:8      | Found a runed translucent gate.
  8139 | D:8      | Found a runed translucent gate.
  8139 | D:8      | Found a runed translucent gate.
  8142 | D:8      | Noticed Notanamesir's ghost (novice MiHu)
  8146 | D:8      | Found a viscous altar of Jiyva.
  8595 | D:9      | Identified the +3 robe of Ilashriw {Int+3}
  8838 | D:9      | Found a staircase to the Lair.
  9156 | D:9      | Found Xijamal's Magic Scroll Boutique.
  9157 | D:9      | Found Jampi's General Store.
  9157 | D:9      | Found Xaosiots's Armour Boutique.
  9159 | D:9      | Found Nyahirr's Antique Armour Boutique.
  9449 | D:9      | Bought a potion of curing for 51 gold pieces
  9452 | D:9      | Bought a +2 chain mail of poison resistance for 240 gold
                  | pieces
  9470 | D:9      | Bought a scroll of blinking for 105 gold pieces
  9470 | D:9      | Bought a scroll of fear for 56 gold pieces
  9470 | D:9      | Bought a scroll of identify for 28 gold pieces
  9714 | D:10     | Entered Level 10 of the Dungeon
  9795 | D:10     | Reached XP level 11. HP: 85/99 MP: 15/15
  9855 | D:10     | Reached skill level 10 in Fighting
  9858 | D:10     | Reached skill level 10 in Long Blades
 10178 | D:10     | Noticed a two-headed ogre
 10254 | D:10     | Killed a two-headed ogre
 10506 | D:10     | Noticed Erica
 10516 | D:10     | Killed Erica
 11286 | D:11     | Found an ornate altar of the Wu Jian Council.
 11487 | D:11     | You fall into a shaft and drop 3 floors!
 11491 | D:14     | Noticed a red ugly thing
 11491 | D:14     | Noticed a red ugly thing
 11497 | D:14     | Noticed a red ugly thing
 11504 | D:14     | Killed a red ugly thing
 11509 | D:14     | Killed a green ugly thing
 11516 | D:14     | Killed a red ugly thing
 11517 | D:14     | Reached skill level 10 in Armour
 11580 | D:14     | Noticed a skeletal warrior
 11581 | D:14     | Noticed a skeletal warrior
 11586 | D:14     | Noticed a skeletal warrior
 11631 | D:14     | Noticed a brown ugly thing
 11631 | D:14     | Noticed a brown ugly thing
 11631 | D:14     | Noticed a brown ugly thing
 11632 | D:14     | Noticed a brown ugly thing
 11729 | D:14     | Noticed a cyan ugly thing
 11729 | D:14     | Noticed a cyan ugly thing
 11729 | D:14     | Noticed a cyan ugly thing
 11730 | D:14     | Noticed a cyan ugly thing
 11730 | D:14     | Noticed a cyan ugly thing
 11798 | D:13     | Reached skill level 10 in Dodging
 11848 | D:13     | Found a glowing golden altar of the Shining One.
 11913 | D:13     | Reached skill level 11 in Fighting
 12040 | D:13     | Noticed a centaur warrior
 12047 | D:13     | Killed a centaur warrior
 12095 | D:13     | Reached XP level 12. HP: 110/110 MP: 17/17
 12171 | D:13     | Noticed an eight-headed hydra
 12175 | D:13     | Killed a five-headed hydra
 12624 | D:13     | Noticed a two-headed ogre
 12635 | D:13     | Killed a two-headed ogre
 12841 | D:13     | Reached skill level 12 in Fighting
 13777 | D:12     | Found a staircase to the Orcish Mines.
 13818 | D:12     | Noticed a two-headed ogre
 13828 | D:12     | Killed a two-headed ogre
 14104 | D:11     | Reached XP level 13. HP: 117/119 MP: 19/19
 14110 | D:11     | Reached skill level 10 in Invocations
 14580 | Lair:1   | Entered Level 1 of the Lair of Beasts
 15598 | Lair:2   | Reached skill level 13 in Fighting
 15684 | Lair:2   | Found a hole to the Spider Nest.
 15950 | Lair:2   | Found a staircase to the Shoals.
 17683 | Lair:4   | You fall into a shaft and drop 1 floor!
 17683 | Lair:5   | Entered Level 5 of the Lair of Beasts
 17706 | Lair:5   | Reached XP level 14. HP: 107/130 MP: 21/21
 17947 | Lair:5   | Reached skill level 14 in Fighting
 18438 | Lair:4   | Noticed Shym's ghost (journeyman DjFE)
 18520 | Lair:4   | Found a transporter.
 18534 | Lair:4   | Found a transporter.
 18993 | Lair:4   | Found a viscous altar of Jiyva.
 18993 | Lair:4   | Found a staircase to the Slime Pits.
 19122 | Lair:4   | Found a bloodstained altar of Trog.
 19171 | Lair:4   | Killed Shym's ghost
 20913 | Orc:1    | Entered Level 1 of the Orcish Mines
 20920 | Orc:1    | Reached XP level 15. HP: 139/139 MP: 23/23
 20927 | Orc:1    | Reached skill level 15 in Long Blades
 20986 | Orc:2    | Entered Level 2 of the Orcish Mines
 20992 | Orc:2    | Reached skill level 15 in Fighting
 20998 | Orc:2    | Found a gate leading to a gauntlet.
 21021 | Gauntlet | Entered a Gauntlet
 21021 | Gauntlet | Found a large runed translucent door.
 21021 | Gauntlet | Found a large runed translucent door.
 21021 | Gauntlet | Found a large runed translucent door.
 21021 | Gauntlet | Found a large runed translucent door.
 21021 | Gauntlet | Found a large runed translucent door.
 21021 | Gauntlet | Found a large runed translucent door.
 21021 | Gauntlet | Found a large runed translucent door.
 21021 | Gauntlet | Found a large runed translucent door.
 21021 | Gauntlet | Found a runed translucent door.
 21021 | Gauntlet | Found a runed translucent gate.
 21021 | Gauntlet | Found a transporter.
 21021 | Gauntlet | Found a transporter.
 21021 | Gauntlet | Found a runed translucent gate.
 21021 | Gauntlet | Found a transporter.
 21025 | Gauntlet | Found a transporter.
 21027 | Gauntlet | Found a transporter.
 21035 | Gauntlet | Found a transporter.
 21094 | Gauntlet | Found a runed translucent door.
 21095 | Gauntlet | Found a large runed translucent door.
 21095 | Gauntlet | Found a large runed translucent door.
 21095 | Gauntlet | Found a large runed translucent door.
 21095 | Gauntlet | Found a large runed translucent door.
 21096 | Gauntlet | Found a large runed translucent door.
 21096 | Gauntlet | Found a large runed translucent door.
 21097 | Gauntlet | Found a large runed translucent door.
 21097 | Gauntlet | Found a large runed translucent door.
 21101 | Gauntlet | Found a transporter.
 21111 | Gauntlet | Found a transporter.
 21126 | Gauntlet | Found a transporter.
 21136 | Gauntlet | Found a transporter.
 21151 | Gauntlet | Found a transporter.
 21157 | Gauntlet | Found a transporter.
 21180 | Gauntlet | Found a runed translucent gate.
 21449 | Gauntlet | Identified the +0 robe of Inlaip {rPois Int+2}
 21650 | Orc:2    | Found Cureeqarph's Magic Scroll Emporium.
 21791 | Orc:2    | Found a staircase to the Elven Halls.
 22104 | Orc:2    | HP: 4/141 [orc priest/divine providence (13)]
 22502 | Orc:2    | Found a gateway to a bazaar.
 22537 | Orc:2    | Found Foruts's General Store.
 22547 | Orc:2    | Bought a potion of degeneration for 10 gold pieces
 22547 | Orc:2    | Bought a scroll of magic mapping for 75 gold pieces
 22547 | Orc:2    | Bought a scroll of identify for 20 gold pieces
 22547 | Orc:2    | Bought a scroll of enchant armour for 75 gold pieces
 22572 | Bazaar   | Entered a bazaar
 22572 | Bazaar   | Found Mosaubb's Antique Weapon Shoppe.
 22597 | Bazaar   | Found Colav's Distillery.
 22603 | Bazaar   | Found Ijahi's Assorted Antiques.
 22638 | Bazaar   | Found Qomuff's Distillery.
 22644 | Bazaar   | Bought a potion of brilliance for 28 gold pieces
 22644 | Bazaar   | Bought a potion of lignification for 21 gold pieces
 22644 | Bazaar   | Bought a potion of heal wounds for 35 gold pieces
 22644 | Bazaar   | Bought a potion of heal wounds for 35 gold pieces
 22644 | Bazaar   | Bought 2 potions of invisibility for 112 gold pieces
 22644 | Bazaar   | Bought 2 potions of attraction for 42 gold pieces
 22644 | Bazaar   | Bought a potion of berserk rage for 35 gold pieces
 22644 | Bazaar   | Found Pichiap's Magic Scroll Emporium.
 22668 | Bazaar   | Bought a scroll of vulnerability for 44 gold pieces
 22668 | Bazaar   | Bought a scroll of vulnerability for 44 gold pieces
 22668 | Bazaar   | Bought a scroll of enchant weapon for 82 gold pieces
 22668 | Bazaar   | Bought a scroll of teleportation for 33 gold pieces
 22668 | Bazaar   | Bought a scroll of immolation for 44 gold pieces
 22668 | Bazaar   | Bought a scroll of fog for 44 gold pieces
 22668 | Bazaar   | Bought a scroll of identify for 22 gold pieces
 22727 | Bazaar   | Bought a potion of haste for 130 gold pieces
 22727 | Bazaar   | Bought 2 potions of curing for 78 gold pieces
 22980 | Orc:2    | Found Hyinnes's Antique Armour Shoppe.
 22982 | Orc:2    | Found Siekedag's Antique Weapon Emporium.
 23072 | Orc:1    | Noticed Fannar
 23077 | Orc:1    | Killed Fannar
 23688 | D:14     | Found a gate to the Vaults.
 23740 | D:14     | Reached skill level 15 in Armour
 23772 | D:15     | Entered Level 15 of the Dungeon
 24465 | D:14     | Paralysed by a floating eye for 2 turns
 25083 | D:15     | Noticed Nessos
 25090 | D:15     | Killed Nessos
 25162 | D:15     | Reached skill level 16 in Fighting
 25376 | D:15     | Reached XP level 16. HP: 151/151 MP: 24/24
 25391 | D:15     | Found a staircase to the Depths.
 25597 | Spider:1 | Entered Level 1 of the Spider Nest
 26176 | Spider:1 | Reached skill level 15 in Dodging
 28221 | Spider:2 | Identified the +5 falchion of Integrity {elec, Str+3 Dex+2}
 29033 | Spider:3 | Found the sphere of Battle
 29077 | Spider:3 | Noticed t4s4d4r's ghost (adept DgEE)
 29303 | Spider:3 | Reached skill level 17 in Fighting
 30167 | Spider:3 | Reached XP level 17. HP: 122/161 MP: 26/26
 30183 | Spider:3 | Identified the +0 pair of boots "Tiedweos" {Drain +Blink
                  | rCorr MP+9}
 30527 | Spider:3 | Found a transporter.
 30530 | Spider:3 | Found a transporter.
 30695 | Spider:4 | Entered Level 4 of the Spider Nest
 31129 | Spider:4 | Reached skill level 1 in Stealth
 31129 | Spider:4 | Reached skill level 1 in Evocations
 32328 | Spider:4 | Reached skill level 5 in Evocations
 32328 | Spider:4 | Reached XP level 18. HP: 157/170 MP: 27/27
 32361 | Spider:4 | Identified the +1 hat of Boredom {Str+2 Int+3 Stlth+}
 32383 | Spider:4 | Got a gossamer rune of Zot
 32692 | Vaults:1 | Entered Level 1 of the Vaults
 33424 | Vaults:1 | Found a flickering gateway to a bazaar.
 33616 | Bazaar   | Entered a bazaar
 33616 | Bazaar   | Found Fomuh's Weapon Emporium.
 33621 | Bazaar   | Found Gyehoh's Magic Scroll Shop.
 33626 | Bazaar   | Found Nuvog's Book Shop.
 33633 | Bazaar   | Found Kinemyng's Weapon Boutique.
 33703 | Bazaar   | Bought a scroll of teleportation for 39 gold pieces
 33703 | Bazaar   | Bought a scroll of teleportation for 39 gold pieces
 33703 | Bazaar   | Bought a scroll of immolation for 52 gold pieces
 34096 | Vaults:1 | Reached skill level 18 in Fighting
 34198 | Vaults:1 | Found a runed translucent gate.
 34198 | Vaults:1 | Found a runed translucent gate.
 34198 | Vaults:1 | Found a runed translucent gate.
 34198 | Vaults:1 | Noticed a tentacled monstrosity
 34198 | Vaults:1 | Noticed a tentacled monstrosity
 34199 | Vaults:1 | Noticed a tentacled monstrosity
 34200 | Vaults:1 | Noticed a tentacled monstrosity
 34514 | Vaults:1 | Reached XP level 19. HP: 154/179 MP: 29/29
 34732 | Vaults:1 | Paralysed by a great orb of eyes for 4 turns
 34741 | Vaults:1 | Paralysed by a great orb of eyes for 3 turns
 34816 | Vaults:1 | Gained mutation: You are occasionally teleported next to
                  | monsters. [a cacodemon]
 35074 | Vaults:1 | Lost mutation: You are occasionally teleported next to
                  | monsters. [potion of mutation]
 35074 | Vaults:1 | Gained mutation: You have large cloven feet. [potion of
                  | mutation]
 35074 | Vaults:1 | Gained mutation: Your magical capacity is low. (-10% MP)
                  | [potion of mutation]
 35087 | Vaults:1 | Reached skill level 15 in Invocations
 35099 | Vaults:1 | Found a runed translucent gate.
 35099 | Vaults:1 | Found a runed translucent gate.
 35106 | Vaults:1 | Found a runed translucent gate.
 35106 | Vaults:1 | Noticed t4s4d4r's ghost (adept DgFi)
 35138 | Vaults:1 | Killed t4s4d4r's ghost
 35214 | Vaults:1 | Identified the +2 pair of boots "Muzy" {Dex+2}
 35226 | Vaults:1 | Gained mutation: You are clumsy. (Dex -2) [mutagenic glow]
 35237 | Vaults:1 | Gained mutation: Armour fits poorly on your strangely
                  | shaped body. [mutagenic glow]
 35263 | Vaults:1 | Gained mutation: You occasionally lose the ability to drink
                  | potions when taking damage. [mutagenic glow]
 35278 | Vaults:1 | Gained mutation: You are very clumsy. (Dex -4) [mutagenic
                  | glow]
 35761 | Vaults:2 | Paralysed by a great orb of eyes for 2 turns
 36210 | Vaults:1 | Reached skill level 5 in Stealth
 36413 | Vaults:2 | Found a runed translucent door.
 36819 | Vaults:1 | Lost mutation: Armour fits poorly on your strangely shaped
                  | body. [potion of mutation]
 36819 | Vaults:1 | Lost mutation: Your magical capacity is low. (-10% MP)
                  | [potion of mutation]
 36819 | Vaults:1 | Lost mutation: You are very clumsy. (Dex -4) [potion of
                  | mutation]
 36819 | Vaults:1 | Lost mutation: You are clumsy. (Dex -2) [potion of
                  | mutation]
 36820 | Vaults:1 | Lost mutation: You occasionally lose the ability to drink
                  | potions when taking damage. [potion of mutation]
 36820 | Vaults:1 | Lost mutation: You have large cloven feet. [potion of
                  | mutation]
 36820 | Vaults:1 | Gained mutation: You expend magic power (3 MP) to
                  | strengthen your wands. [potion of mutation]
 37932 | Vaults:2 | Noticed Ehaeru's ghost (veteran MeCj)
 37986 | Vaults:2 | Killed Ehaeru's ghost
 38140 | Elf:1    | Entered Level 1 of the Elven Halls
 39515 | Elf:1    | Reached XP level 20. HP: 52/189 MP: 30/30
 40346 | Shoals:1 | Entered Level 1 of the Shoals
 41136 | Shoals:1 | Reached skill level 19 in Fighting
 41599 | Shoals:2 | Noticed Aizul
 41754 | Shoals:1 | Killed Aizul
 41869 | Shoals:2 | HP: 1/191 [dream sheep[a cyclops] (16)]
 43906 | Shoals:3 | Noticed Louise
 43918 | Shoals:3 | Killed Louise
 44070 | Shoals:3 | Noticed Ilsuiw
 44079 | Shoals:3 | Killed Ilsuiw
 45172 | Shoals:4 | Entered Level 4 of the Shoals
 45262 | Shoals:4 | Paralysed by an air elemental for 1 turns
 45267 | Shoals:4 | Paralysed by an air elemental for 1 turns
 45273 | Shoals:4 | Paralysed by an air elemental for 1 turns
 45526 | Shoals:4 | Paralysed by an air elemental for 1 turns
 45605 | Shoals:4 | Paralysed by an air elemental for 1 turns
 46044 | Shoals:4 | Identified the +9 spear of Intense Conscience {flame, Str+3
                  | Int+5}
 46067 | Shoals:4 | Got a barnacled rune of Zot
 46075 | Shoals:4 | Identified the staff of death "Aplyunun" {+Blink rF- rC+
                  | rN+ Dex+3}
 46085 | Shoals:4 | Got the Compendium of Hindering Dislocation
 46387 | Shoals:4 | Paralysed by an air elemental for 1 turns
 46501 | Shoals:4 | Reached XP level 21. HP: 200/200 MP: 32/32
 47437 | Vaults:3 | You are sucked into a shaft and drop 1 floor!
 47724 | Vaults:4 | Got Hermeneutics Continued
 47755 | Vaults:4 | Reached XP level 22. HP: 121/209 MP: 33/33
 48682 | Vaults:4 | Reached skill level 20 in Fighting
 48796 | Vaults:4 | Identified the +7 tower shield "Voaggosa" {rElec rC+
                  | Stlth+}
 48796 | Vaults:4 | Noticed Mennas
 49874 | Vaults:4 | Killed Mennas
 50555 | Vaults:3 | Found Woqij's Antique Armour Shoppe.
 50896 | Vaults:3 | Reached skill level 1 in Shields
 50983 | Vaults:3 | Found a staircase to the Crypt.
 51068 | Vaults:3 | Noticed Zenata
 51080 | Vaults:3 | Killed Zenata
 51500 | Vaults:3 | Found Zagh's Assorted Antiques.
 51508 | Vaults:3 | Bought a potion of curing for 105 gold pieces
 51508 | Vaults:3 | Bought a scroll of fog for 140 gold pieces
 52041 | Orc:2    | Bought the +3 pair of gauntlets of War {Slay+5} for 1520
                  | gold pieces
 52041 | Orc:2    | Found the +3 pair of gauntlets of War {Slay+5}
 52122 | Elf:2    | Found Yhiytz's Book Shop.
 52523 | Depths:1 | Entered Level 1 of the Depths
 52759 | Depths:1 | Reached skill level 10 in Evocations
 52818 | Depths:1 | Found a gateway to Hell.
 53215 | Depths:1 | Reached skill level 5 in Shields
 55074 | Depths:2 | Found a one-way gate leading to the halls of Pandemonium.
 55360 | Depths:2 | Found a transporter.
 55374 | Depths:2 | Noticed Pojesatusi's ghost (adept HOMo)
 55377 | Depths:2 | Found a transporter.
 55548 | Depths:2 | Reached XP level 23. HP: 97/217 MP: 34/34
 56819 | Depths:3 | Found a one-way gate to the infinite horrors of the Abyss.
 57117 | Depths:3 | Found a one-way gateway to a ziggurat.
 57118 | Depths:3 | Noticed Saint Roka
 57418 | Depths:3 | Found Razoung's Antique Weapon Shoppe.
 58208 | D:9      | Bought a twisted plate armour for 560 gold pieces
 58208 | D:9      | Identified the +6 plate armour "Qoisyf" {rC+ rN++ Str+3
                  | Dex-5} (You bought it in a shop on level 9 of the Dungeon)
 58415 | Depths:4 | Entered Level 4 of the Depths
 58605 | Depths:3 | Killed Saint Roka
 59037 | Depths:4 | Found a broken altar of Ashenzari.
 59059 | Depths:4 | Found a runed translucent gate.
 59059 | Depths:4 | Found a runed translucent gate.
 59060 | Depths:4 | Found a runed translucent gate.
 59061 | Depths:4 | Found an ancient bone altar of Kikubaaqudgha.
 59061 | Depths:4 | Noticed Iloeme's ghost (adept DECK)
 59061 | Depths:4 | Noticed Wimmiopn's ghost (adept MfGl)
 59061 | Depths:4 | Noticed Gufoitin's ghost (adept MiBe)
 59063 | Depths:4 | Noticed a dread lich
 59889 | Depths:4 | Found a gate to the Realm of Zot.
 59973 | Depths:4 | Reached skill level 21 in Fighting
 60441 | Depths:4 | Killed a dread lich
 60449 | Depths:4 | Killed Gufoitin's ghost
 60453 | Depths:4 | Killed Iloeme's ghost
 60466 | Depths:4 | Killed Wimmiopn's ghost
 60595 | Depths:4 | Identified the +2 pair of gloves of Perfidy {Dex+2}
 60600 | Depths:4 | Identified the amulet of the Serpent {Spirit rC+}
 60901 | Vaults:5 | Entered Level 5 of the Vaults
 60917 | Vaults:5 | Noticed Margery
 60942 | Vaults:5 | Reached skill level 10 in Stealth
 60942 | Vaults:5 | Reached skill level 10 in Shields
 60942 | Vaults:5 | Killed Margery
 60959 | Vaults:5 | HP: 6/220 [spore (29)]
 60959 | Vaults:5 | Killed by an exploding harpy... ignited by their inner
                  | flame

Illustrated notes

Levels and vault maps discovered:
D:1:      scummos_arrival_gate, layout_loops_ring
D:2:      layout_basic, basic_altar, uniq_robin
D:3:      layout_loops_cross, chequers_ecumenical_altar_grove,
          portal_sewer_entry_e
D:4:      layout_basic
D:5:      layout_loops_ring, minmay_temple_entry_stoned_glass,
          nicolae_nh_ransacked_shop
D:6:      layout_basic, serial_shops, nicolae_lakefront_shop, uniq_duvessa
D:7:      layout_loops_corners, nrook_campfire, minmay_unpleasant_kobolds
D:8:      layout_basic, nicolae_overflows_in_rows, serial_rivers,
          chequers_serial_rivers_small_b, chequers_serial_rivers_marsh,
          chequers_serial_rivers_micro_b, chequers_serial_rivers_room_b,
          chequers_serial_rivers_large_b, gammafunk_ghost_ooze,
          minmay_crystal_room, interstate_on_off, minmay_shop_chei
D:9:      layout_roguey, lair_entry_dummy, minmay_shop_grid_forest
D:10:     layout_stronghold, serial_bayou_lake_a, uniq_erica
D:11:     layout_roguey, nicolae_wu_jian_immortal_techniques
D:12:     layout_gridville, orc_0_dummy, mrwooster_statue_mirror
D:13:     layout_roguey [special_room_bee], serial_ice, serial_ice_k,
          serial_ice_h, serial_ice_n, serial_ice_o, serial_ice_b, serial_ice_f,
          serial_ice_m, serial_ice_e, nicolae_tso_carved_into_rock
D:14:     hellmonk_paralyzer, layout_rooms, erik_vaults_1,
          hangedman_decor_points
D:15:     grunt_enter_depths_magical_seal, layout_basic, minmay_strange_pillars,
          serial_rivers, chequers_serial_rivers_room_a,
          chequers_serial_rivers_small_a, chequers_serial_rivers_micro_c,
          chequers_serial_rivers_micro_e, chequers_serial_rivers_micro_d,
          chequers_serial_rivers_micro_d, uniq_nessos
Temple:   nicolae_temple_great_sept
Lair:1:   layout_regular_city, infiniplex_staircase_pool
Lair:2:   layout_hall_layers, minmay_shoals_entry_lonely_mermaid,
          hellmonk_spider_entry_not_the_bees
Lair:3:   layout_cave_pods, grunt_megastairs_2
Lair:4:   layout_loops_ring, dpeg_slime_entry_enclosed,
          gammafunk_ghost_wrathful_warriors, grunt_megastairs_3
Lair:5:   gammafunk_lair_ancient_temple, layout_long_grid
Shoals:1: layout_shoals
Shoals:2: layout_shoals, uniq_aizul
Shoals:3: layout_shoals, uniq_ilsuiw, uniq_louise
Shoals:4: shoals_end_hellmonk_storm_palace [storm_palace_center_circular,
          storm_palace_corner_narrow, storm_palace_corner_pillars,
          storm_palace_corner_blocked, storm_palace_corner_narrow]
Spider:1: layout_cave_pods, hangedman_spider_mandibles,
          nicolae_spider_circle_web
Spider:2: nicolae_spider_hilbert_zone_3 [nicolae_spider_hilbert_4_sides_2_open,
          nicolae_spider_hilbert_3_sides_1_open,
          nicolae_spider_hilbert_3_sides_1_open,
          nicolae_spider_hilbert_3_sides_1_open,
          nicolae_spider_hilbert_3_sides_1_open,
          nicolae_spider_hilbert_4_sides_1_open,
          nicolae_spider_hilbert_4_sides_1_open,
          nicolae_spider_hilbert_4_sides_1_open,
          nicolae_spider_hilbert_4_sides_1_open,
          nicolae_spider_hilbert_4_sides_1_open,
          nicolae_spider_hilbert_4_sides_1_open,
          nicolae_spider_hilbert_4_sides_1_open,
          nicolae_spider_hilbert_4_sides_1_open,
          nicolae_spider_hilbert_3_sides_1_open,
          nicolae_spider_hilbert_3_sides_1_open,
          nicolae_spider_hilbert_3_sides_1_open,
          nicolae_spider_hilbert_3_sides_1_open]
Spider:3: nicolae_spider_jumping_over_cracks [nicolae_spider_jumping_sub_notch,
          nicolae_spider_jumping_sub_lanes, nicolae_spider_jumping_sub_shuffled,
          nicolae_spider_jumping_sub_empty], gammafunk_ghost_mausoleum,
          nicolae_spider_bug_shape
Spider:4: grunt_spider_rune_circles
Orc:1:    layout_diamond_mine, uniq_fannar
Orc:2:    grunt_orc_community_town_hall, layout_caves,
          grunt_orc_community_big_house_2, grunt_orc_community_big_house_1,
          grunt_orc_community_house_2, grunt_orc_community_house_1,
          grunt_orc_community_house_2, grunt_orc_community_house_2,
          serial_shops, freezing_bzr, gauntlet_entry_generic
Elf:1:    eino_elf_arrival_the_gate, layout_gridlike, serial_glass,
          glass_columns_a, glass_columns_a, minivault_28, grunt_megastairs_1,
          roderic_lattice_octagonal_star
Elf:2:    nicolae_elf_blades_crystal_corner, layout_geoelf_octagon,
          serial_shops, shop, nicolae_shop_bloodbath_and_beyond,
          nicolae_shop_mannequins, shop, minivault_25_ag
Vaults:1: ploomutoo_gammafunk_ghost_potion_laboratory,
          nicolae_vaults_storage_closets_1, nicolae_vaults_trapezoid_lopsided_1,
          v_rooms_5, nicolae_vaults_gold_heap, nicolae_vaults_angled_halls,
          v_alt_pattern_6, v_rooms_2, vaults_room_ringed_pool,
          nicolae_vaults_mini_display_case, hangedman_vaults_pinch,
          nicolae_vaults_double_plus_1, nicolae_vaults_theta,
          layout_vaults_ring, serial_shops, bzr_entry_dummy
Vaults:2: ebering_ghost_reflecting_pool, nicolae_vaults_sightless_eye,
          nicolae_vaults_frosty_reception, nicolae_vaults_offset_grid_hallway_4,
          hangedman_vaults_stagger, hangedman_vaults_stitches,
          nicolae_vaults_ring_of_whatevers, nicolae_vaults_octothorpe,
          nicolae_vaults_circle_grid_a, v_rooms_4,
          nicolae_vaults_sesquioval_fish, v_misc_23, nicolae_vaults_two_Ls,
          layout_vaults_omnicross
Vaults:3: nicolae_vaults_storage_room_water, minmay_crypt_entry_simple_round,
          nicolae_vaults_layer_cake_slice, nicolae_vaults_alarming,
          v_alt_pattern_1, nicolae_vaults_specimen_jars, v_alt_pattern_3,
          nicolae_vaults_tetromino_Z_1, layout_vaults_omnigrid, serial_shops,
          shop, nicolae_shop_statue_plus, uniq_zenata
Vaults:4: nicolae_vaults_diamond_2, nicolae_vaults_tetromino_L_2,
          nicolae_vaults_trapezoid_layered, vaults_dpeg_spiral, v_misc_26,
          nicolae_vaults_hexular_roomagon, nicolae_vaults_storage_room_doors,
          nicolae_vaults_closet_pinwheel_1, nicolae_vaults_double_plus_2,
          v_rooms_1, nicolae_vaults_hexular_roomagon, vaults_mumra_lcd,
          layout_vaults_big_room, uniq_mennas
Vaults:5: uniq_margery
Depths:1: layout_honeycomb, grunt_mini_vestibule, minmay_holes,
          lemuel_flame_loot_1
Depths:2: minmay_bubble_buster, layout_cave_shapes, pf_hell_entry_tar_spiral,
          minmay_misc_feat_diagonals, rand_demon_pan_entry_4,
          gammafunk_ghost_arena, minmay_staircase_windowed_small
Depths:3: hangedman_elemental_death_ray, layout_twisted_cross, enter_ziggurat_b,
          hangedman_coc_ice_floe, abyss_entry, chequers_big_river, serial_shops,
          nicolae_shop_trees, uniq_saint_roka
Depths:4: grunt_zot_entry_tricorne, layout_honeycomb, abyss_entry, hell_entry,
          gammafunk_ghost_crypt, nicolae_ashenzari_skybound

Skill      XL: |  1  2  3  4  5  6  7  8  9 10 11 12 13 14 15 16 17 18 19 20 21 22 23 |
---------------+----------------------------------------------------------------------+-----
Fighting       | 4 5 6 7 8 9 11 12 13 14 16 17 18 19 20 21 | 21.1
Long Blades    | 4 5 6 7 8 9 11 12 13 14 16 17 18 19 20 | 20.2
Armour         | 1 2 3 4 6 7 9 10 11 13 14 15 16 17 18 19 20 | 20.6
Invocations    | 1 2 3 4 6 7 8 9 11 12 13 14 15 16 17 | 17.5
Dodging        | 4 5 6 8 9 10 11 12 13 14 15 16 17 18 19 | 19.3
Stealth        | 2 4 6 7 9 10 | 10.0
Evocations     | 5 6 7 9 10 11 | 11.0
Shields        | 6 10 | 10.0

Action                     |  1- 3 |  4- 6 |  7- 9 | 10-12 | 13-15 | 16-18 | 19-21 | 22-24 || total
---------------------------+-------+-------+-------+-------+-------+-------+-------+-------++-------
  Melee: Falchion          |    80 |   174 |   251 |       |       |       |       |       ||   505
         Headbutt          |    11 |    29 |    90 |   110 |   262 |   277 |   407 |   356 ||  1542
         Scimitar          |       |       |    18 |   461 |   948 |   848 |  1107 |   209 ||  3591
         Eudemon blade     |       |       |       |       |       |       |       |   760 ||   760
 Invoke: Grand Finale      |       |       |     1 |     1 |     1 |     1 |     5 |     3 ||    12
         Stomp             |       |       |       |     1 |     4 |     4 |     9 |     3 ||    21
         Line Pass         |       |       |       |       |       |       |       |     1 ||     1
Ability: Evoke Blink       |       |       |       |       |       |     1 |       |     1 ||     2
  Evoke: Wand              |       |       |     1 |     8 |     1 |     8 |    10 |     6 ||    34
         Phial of floods   |       |       |       |       |       |     1 |       |     2 ||     3
    Use: Scroll            |       |     4 |     5 |     7 |    13 |     5 |    12 |    12 ||    58
         Potion            |       |       |     4 |     1 |     4 |     4 |    17 |     9 ||    39
   Stab: Paralysed         |       |       |    14 |    42 |   121 |   107 |   145 |   139 ||   568
         Petrifying        |       |       |       |       |     3 |       |       |       ||     3
         Petrified         |       |       |       |       |     3 |       |       |       ||     3
         Invisible         |       |       |       |       |       |       |       |     3 ||     3
         Sleeping          |       |       |       |       |       |       |       |     3 ||     3
         Distracted        |       |       |       |       |       |       |       |     1 ||     1
 Armour: Robe              |    17 |    23 |       |       |       |       |       |       ||    40
         Chain mail        |       |    22 |    78 |   139 |   237 |   199 |   380 |   263 ||  1318
         Plate armour      |       |       |       |       |       |       |       |    17 ||    17
  Dodge: Dodged            |    45 |   139 |   193 |   358 |   652 |   755 |   798 |   466 ||  3406
  Block: Orb               |       |     3 |    60 |   125 |   171 |   180 |   211 |    97 ||   847
         Reflection        |       |       |       |     6 |     4 |     1 |    20 |    22 ||    53
         Tower shield      |       |       |       |       |       |       |       |   443 ||   443

Table legend: (Time is in decaauts)
 A = Elapsed time spent in this place.
 B = Non-inter-level travel time spent in this place.
 C = Inter-level travel time spent in this place.
 D = Time resting spent in this place.
 E = Time spent auto-exploring this place.
 F = Levels seen in this place.
 G = Mean time per level.
                   A        B        C        D        E       F      G
               +--------+--------+--------+--------+--------+-----+--------+
         Total |  60044 |  56077 |   3967 |   9201 |  37816 |  46 | 1305.3 |
       Dungeon |  16815 |  15028 |   1787 |   1493 |  11128 |  15 | 1121.0 |
        Temple |    118 |    107 |     11 |      0 |     89 |   1 |  118.0 |
          Lair |   6596 |   6170 |    426 |    970 |   4279 |   5 | 1319.2 |
        Shoals |   6266 |   6100 |    166 |    974 |   4155 |   4 | 1566.5 |
   Spider Nest |   6778 |   6576 |    202 |    720 |   4900 |   4 | 1694.5 |
  Orcish Mines |   2254 |   1906 |    348 |    594 |    956 |   2 | 1127.0 |
   Elven Halls |   2079 |   1956 |    123 |    532 |   1076 |   2 | 1039.5 |
        Vaults |   9763 |   9274 |    489 |   2142 |   5775 |   5 | 1952.6 |
        Depths |   7828 |   7416 |    412 |   1632 |   4657 |   4 | 1957.0 |
        Bazaar |    283 |    283 |      0 |      0 |    127 |   2 |  141.5 |
         Sewer |    676 |    676 |      0 |      0 |    435 |   1 |  676.0 |
      Gauntlet |    583 |    583 |      0 |    142 |    237 |   1 |  583.0 |
               +--------+--------+--------+--------+--------+-----+--------+

Top non-repeatable levels by time:
Vaults:1: 3376 daAuts
Vaults:4: 3001 daAuts
Depths:1: 2422 daAuts
Depths:3: 2047 daAuts
   Elf:1: 2040 daAuts
Spider:2: 1828 daAuts
Vaults:2: 1817 daAuts
Depths:4: 1769 daAuts
Spider:3: 1755 daAuts
Shoals:4: 1754 daAuts
Spider:4: 1736 daAuts
   Orc:2: 1711 daAuts
    D:13: 1591 daAuts
Depths:2: 1588 daAuts
    D:10: 1544 daAuts
